 Dungeon Crawl Stone Soup version 0.27-a0-887-gcab673c142 (webtiles) character file.

Game seed: 4030886389889626425

339 jestyr24 the Skirmisher (level 6, 0/46 (49) HPs)
             Began as a Demonspawn Chaos Knight on Apr 3, 2021.
             Was a Plaything of Xom.
             Splashed by a jelly's acid (7 damage)
             ... on level 5 of the Dungeon on Apr 4, 2021.
             The game lasted 00:23:06 (4503 turns).

jestyr24 the Skirmisher (Demonspawn Chaos Knight)   Turns: 4503, Time: 00:23:09

HP:   0/46 (49)     AC: -6    Str: 14    XL:     6   Next: 29%
MP:   0/7           EV: 12    Int: 15    God:    Xom [....*.]
Gold: 128           SH:  5    Dex: 13    Spells: 4/7 levels left

rFire    . . .     SeeInvis +   a - +1 hand axe (chaos)
rCold    . . .     Faith    .   (no shield)
rNeg     . . .     Spirit   +   t - +2 robe of Insecurity {rElec}
rPois    .         Reflect  +   (no helmet)
rElec    +         Harm     .   (no cloak)
rCorr    .         Rampage  .   s - +0 pair of gloves
Will     .....                  (no boots)
Stlth    ++........             l - amulet of reflection
HPRegen  0.15/turn              c - ring of see invisible
MPRegen  0.20/turn              (no ring)

@: corroded, drained
A: magic shield, magic regeneration, big brain 1
a: Renounce Religion


You were on level 5 of the Dungeon.
You worshipped Xom.
You were a beloved toy of Xom.
You visited 1 branch of the dungeon, and saw 5 of its levels.

You collected 128 gold pieces.

Inventory:

Hand Weapons
 a - a +1 hand axe of chaos (weapon)
 d - a +0 long sword of flaming
 r - a +1 vorpal quarterstaff
Missiles
 i - 34 poisoned darts (quivered)
 p - 6 curare-tipped darts
Armour
 b - a +2 leather armour
 s - a +0 pair of gloves (worn)
 t - the +2 robe of Insecurity (worn) {rElec}
   (You found it on level 4 of the Dungeon)

   It insulates you from electricity.
Magical Staves
 e - a staff of poison
 w - a staff of death
Jewellery
 c - a ring of see invisible (left hand)
 l - an amulet of reflection (around neck)
Wands
 j - a wand of random effects (16)
 m - a wand of polymorph (3)
Scrolls
 g - 2 scrolls of fear
 o - a scroll of silence {unknown}
 q - a scroll of teleportation
Potions
 f - a potion of degeneration {unknown}
 h - 2 potions of might {unknown}
 k - a potion of flight
 n - a potion of curing
 u - a potion of magic {unknown}
 v - a potion of resistance {unknown}


   Skills:
 + Level 4.5 Fighting
 - Level 2.6 Axes
 + Level 0.2 Staves
 + Level 3.4 Armour
 + Level 2.8 Dodging
 - Level 1.0 Stealth
 * Level 1.2 Spellcasting
 * Level 1.5 Hexes


You had 4 spell levels left.
You knew the following spells:

 Your Spells              Type           Power      Damage    Failure   Level
a - Confusing Touch       Hex            5%         N/A       36%         3

Your spell library contained the following spells:

 Spells                   Type           Power      Damage    Failure   Level
 Slow                     Hex            5%         N/A       21%         2
 Magic Dart               Conj           0%         1d3       24%         1
 Blink                    Tloc           N/A        N/A       36%         2
 Call Imp                 Summ           0%         N/A       36%         2
 Conjure Flame            Conj/Fire      0%         6-21      58%         3
 Gell's Gravitas          Tloc           0%         N/A       58%         3
 Mephitic Cloud           Conj/Pois/Air  0%         N/A       58%         3
 Petrify                  Tmut/Erth      0%         N/A       94%         4
 Metabolic Englaciation   Hex/Ice        1%         N/A       99%         5
 Yara's Violent Unravell  Hex/Tmut       1%         3d3       99%         5


Dungeon Overview and Level Annotations

Branches:
Dungeon (5/15)             Temple (0/1) D:4

Altars:
Uskayaw
Xom
Yredelemnul
Zin

Shops:
D:3 *

Annotations:
D:3 2 transporters, Zeld's ghost, amateur HuCj


Innate Abilities, Weirdness & Mutations

When hurt, damage is shared between your health and your magic reserves.
You regenerate magic rapidly.
You have an unusually large brain. (Int +2)


Message History

You open the door.
There is an open door here.
You open the door.
There is an open door here.
Things that are here:
a +1 morningstar of draining; a +0 ring mail You see here 23 stones.
You see here a +0 scale mail.
Done exploring.
You see here 26 stones.
Done exploring.
There is a stone staircase leading down here.
You climb downwards.
A jelly comes into view.
The jelly quivers.
Found a twisted jewelled staff and a papyrus book.
There is a stone staircase leading up here.
Found 24 stones.
You see here a staff of death.
w - a staff of death The jelly hits you but does no damage.
You hit the jelly.
Your hands burn!
The jelly is moderately wounded.
The jelly hits you. The acid corrodes you!
You are splashed with acid!
You hit the jelly. You burn the jelly.
Your hands burn!
The jelly is heavily wounded.
The jelly hits you. The acid corrodes you!
You are splashed with acid!
You hit the jelly but do no damage.
The jelly seems to grow stronger.
Your hands burn!
The jelly is heavily wounded.
The jelly hits you.
You are splashed with acid!
* * * LOW HITPOINT WARNING * * *
You hit the jelly but do no damage.
Your hands burn!
* * * LOW HITPOINT WARNING * * *
The jelly is heavily wounded.
The jelly hits you.
* * * LOW HITPOINT WARNING * * *
The acid corrodes you!
You are splashed with acid!
You die...
Xom chuckles heartily!

... ...# ...
...# ... ....#
#.# ....#
#######.##....##
#..............#
#.......:......#
#.......@J.....#
#..............+
#..............#
#.......<......#
#....##.####...#
#.... #.# #+##
#... ..( #..
#... #.. #....


You could see a jelly (strong).

Vanquished Creatures
  Sigmund (D:3)
  An orc priest (D:4)
  Ijyb (D:3)
  An iguana (D:4)
  6 adders
  A river rat (D:2)
  An ufetubus (D:4)
  8 orcs
  5 endoplasms
  4 giant cockroaches
  2 goblins
  4 hobgoblins
  8 jackals
  A quokka (D:2)
  6 ball pythons
  7 bats
  2 frilled lizards
  8 kobolds
  8 rats
75 creatures vanquished.

Vanquished Creatures (others)
  30 plants (D:2)
30 creatures vanquished.

Grand Total: 105 creatures vanquished

Notes
Turn   | Place    | Note
-------+----------+-------------------------------------------
     0 | D:1      | jestyr24 the Demonspawn Chaos Knight began the quest for
                  | the Orb.
     0 | D:1      | Reached XP level 1. HP: 18/18 MP: 1/1
   154 | D:1      | Reached skill level 1 in Dodging
   395 | D:1      | XOM: cloud trail
   499 | D:1      | XOM: noise
   575 | D:1      | Gained mutation: You regenerate magic rapidly. [demonic
                  | ancestry]
   575 | D:1      | Reached XP level 2. HP: 24/24 MP: 2/2
   621 | D:1      | XOM: silly message
   718 | D:1      | XOM: silly message
   795 | D:1      | XOM: cloud trail
   806 | D:1      | XOM: silly message
  1002 | D:2      | Found a faded altar of an unknown god.
  1015 | D:2      | XOM: give mutations
  1015 | D:2      | Gained mutation: You are frail. (-10% HP) [Xom's mischief]
  1015 | D:2      | Lost mutation: You are frail. (-10% HP) [Xom's mischief]
  1054 | D:2      | XOM: 1-stop teleportation journey
  1129 | D:2      | XOM: stat loss: -1 Dex (11/12)
  1288 | D:2      | Reached XP level 3. HP: 22/30 MP: 3/3
  1292 | D:2      | XOM: polymorph jackal -> river rat
  1394 | D:2      | XOM: stat loss: -1 Int (12/13)
  1544 | D:2      | XOM: 9-stop teleportation journey
  1553 | D:2      | Reached skill level 4 in Fighting
  1953 | D:2      | Reached XP level 4. HP: 28/37 MP: 4/4
  2134 | D:2      | Reached skill level 1 in Stealth
  2139 | D:2      | XOM: silly message
  2520 | D:3      | Noticed Ijyb
  2544 | D:3      | Killed Ijyb
  2639 | D:3      | Noticed a bullfrog
  2643 | D:3      | Found a transporter.
  2643 | D:3      | Noticed Zeld's ghost (amateur HuCj)
  2646 | D:3      | Found a transporter.
  2693 | D:3      | XOM: 8-stop teleportation journey
  2800 | D:3      | XOM: summons 1 hostile demon
  2921 | D:3      | Found Reqiesh's Assorted Antiques.
  3028 | D:3      | Gained mutation: When hurt, damage is shared between your
                  | health and your magic reserves. [demonic ancestry]
  3028 | D:3      | Reached XP level 5. HP: 39/42 MP: 5/5
  3032 | D:3      | Learned a level 3 spell: Confusing Touch
  3107 | D:3      | Noticed Sigmund
  3129 | D:3      | XOM: scenery: summon butterflies
  3147 | D:3      | XOM: destruction
  3207 | D:3      | XOM: cleaving
  3210 | D:3      | Killed Sigmund
  3211 | D:3      | Reached skill level 1 in Hexes
  3276 | D:3      | XOM: god gift: 6 curare-tipped darts
  3639 | D:4      | Found a basalt altar of Yredelemnul.
  3645 | D:4      | Found a hide-covered altar of Uskayaw.
  3645 | D:4      | Found a shimmering altar of Xom.
  3709 | D:4      | Reached skill level 1 in Spellcasting
  3709 | D:4      | Gained mutation: You have an unusually large brain. (Int
                  | +2) [demonic ancestry]
  3709 | D:4      | Reached XP level 6. HP: 34/49 MP: 7/7
  3803 | D:4      | XOM: smoke on damage
  3866 | D:4      | Identified the +2 robe of Insecurity {rElec}
  3913 | D:4      | XOM: 3-stop teleportation journey
  3998 | D:4      | XOM: divination: detect items
  4209 | D:4      | Found a staircase to the Ecumenical Temple.
  4493 | D:5      | Entered Level 5 of the Dungeon
  4503 | D:5      | Splashed by a jelly's acid

Illustrated notes

Levels and vault maps discovered:
D:1:      scummos_arrival_simple_fountains, layout_loops_cross,
          minmay_misc_feat_rugged
D:2:      minmay_chambers_of_ones, layout_loops_cross, basic_ecumenical_altar,
          serial_bayou, serial_bayou_pond_d, serial_bayou_shore_a,
          serial_bayou_lagoon_a, serial_bayou_pond_e, mrwooster_statue_mirror,
          hangedman_decor_diamond_cutter
D:3:      layout_basic, gammafunk_ghost_arena, serial_shops, shop, uniq_ijyb,
          uniq_sigmund
D:4:      layout_cave_pools, lemuel_crystal_altar,
          gammafunk_temple_overflow_forgotten, minmay_temple_entry_hall
D:5:      layout_gridville, sword_in_stone

Skill      XL: |  1  2  3  4  5 |
---------------+----------------+-----
Dodging        | 1 2 |  2.8
Armour         | 2 3 |  3.4
Fighting       | 4 |  4.5
Stealth        | 1 |  1.0
Hexes          | 1 |  1.5
Spellcasting   | 1 |  1.2
Axes           | |  2.6
Staves         | |  0.2

Action                   |  1- 3 |  4- 6 || total
-------------------------+-------+-------++-------
Melee: Hand axe          |   126 |    92 ||   218
       Unarmed           |       |     6 ||     6
       Quarterstaff      |       |    31 ||    31
  Use: Scroll            |       |     5 ||     5
 Stab: Sleeping          |     1 |     2 ||     3
       Paralysed         |     1 |       ||     1
Armor: Leather armour    |    44 |    46 ||    90
       Skin              |       |     7 ||     7
       Robe              |       |     4 ||     4
Dodge: Dodged            |    87 |   110 ||   197
Block: Other             |       |    17 ||    17

Table legend: (Time is in decaauts)
 A = Elapsed time spent in this place.
 B = Non-inter-level travel time spent in this place.
 C = Inter-level travel time spent in this place.
 D = Time resting spent in this place.
 E = Time spent auto-exploring this place.
 F = Levels seen in this place.
 G = Mean time per level.
                   A        B        C        D        E       F      G
               +--------+--------+--------+--------+--------+-----+--------+
         Total |   4572 |   4416 |    156 |    682 |   2526 |   5 |  914.4 |
       Dungeon |   4572 |   4416 |    156 |    682 |   2526 |   5 |  914.4 |
               +--------+--------+--------+--------+--------+-----+--------+

Top non-repeatable levels by time:
     D:2: 1497 daAuts
     D:3: 1179 daAuts
     D:1: 1012 daAuts
     D:4: 873 daAuts
     D:5: 10 daAuts
